 Dungeon Crawl Stone Soup version 0.30-a0-859-gf88a04b62d (webtiles) character file.

Game seed: 2157974899052348303

68 cforsyth the Magician (level 4, -2/24 HPs)
             Began as a Deep Elf Earth Elementalist on Mar 6, 2023.
             Slain by a hobgoblin (4 damage)
             ... led by Robin
             ... on level 2 of the Dungeon.
             The game lasted 00:01:19 (1052 turns).

cforsyth the Magician (Deep Elf Earth Elementalist) Turns: 1052, Time: 00:01:20

Health: -2/24      AC:  3    Str:  5    XL:     4   Next: 1%
Magic:  9/12       EV: 12    Int: 22    God:
Gold:   66         SH:  0    Dex: 15    Spells: 11/12 levels left

rFire   . . .      SeeInvis .    (no weapon)
rCold   . . .      Faith    .    (no shield)
rNeg    . . .      Spirit   .    a - +0 robe
rPois   .          Reflect  .    f - +0 helmet
rElec   .          Rampage  .    (no cloak)
rCorr   .                        (no gloves)
Will    .....                    (no boots)
Stlth   ++                       (no amulet)
HPRegen 0.24/turn                h - +4 ring of slaying
MPRegen 0.13/turn                (no ring)

@: no status effects
A: no striking features
a: no special abilities


You were on level 2 of the Dungeon.
You visited 1 branch of the dungeon, and saw 2 of its levels.

You collected 66 gold pieces.

Inventory:

Armour
 a - a +0 robe (worn)
 f - a +0 helmet (worn)
Jewellery
 h - a +4 ring of slaying (left hand)
Scrolls
 d - 3 scrolls of identify {unknown}
 e - a scroll of poison {unknown}
 i - a scroll of magic mapping {unknown}
Potions
 b - a potion of magic
 c - a potion of flight {unknown}
 g - a potion of curing {unknown}


   Skills:
 - Level 2.4 Dodging
 - Level 2.4 Stealth
 + Level 4.6 Spellcasting
 - Level 1.1 Transmutations
 + Level 4.4 Earth Magic


You had 11 spell levels left.
You knew the following spells:

 Your Spells              Type           Power      Damage    Failure   Level
a - Sandblast             Erth           48%        2d12      1%          1

Your spell library contained the following spells:

 Spells                   Type           Power      Damage    Failure   Level
 Passwall                 Tmut/Erth      14%        N/A       4%          2
 Stone Arrow              Conj/Erth      30%        3d8       13%         3
 Petrify                  Tmut/Erth      17%        N/A       32%         4


Dungeon Overview and Level Annotations

Branches:
Dungeon (2/15)

Altars:

Shops:
D:1 (

Annotations:
D:2 Robin


Message History

Robin roars a battlecry!
The goblins go into a battle-frenzy!
You have reached level 4!
You feel clever.
Robin roars a battlecry!
The hobgoblin goes into a battle-frenzy!
Unknown command.
The hobgoblin attacks as you move away!
The hobgoblin hits you but does no damage.
The hobgoblin attacks as you move away! The hobgoblin barely misses you.
Robin roars a battlecry!
The goblin goes into a battle-frenzy!
The goblin shouts!
The hobgoblin attacks as you move away! The hobgoblin hits you.
Robin says, "My army is invincible!"
Robin throws the goblin at you! The goblin hits you with a +0 dagger.
You hit the goblin.
The goblin is heavily wounded.
The goblin barely misses you. The hobgoblin barely misses you.
You completely miss the goblin.
The goblin is heavily wounded.
The goblin closely misses you. The hobgoblin hits you.
The hobgoblin attacks as you move away! The hobgoblin completely misses you.
The goblin barely misses you. The hobgoblin misses you.
A goblin comes into view. It is wielding a +0 dagger.
The hobgoblin attacks as you move away! The hobgoblin barely misses you.
The hobgoblin attacks as you move away! The hobgoblin barely misses you.
Robin throws the goblin at you! The goblin hits you with a +0 club.
You barely miss the goblin. The goblin hits you but does no damage.
The hobgoblin closely misses you. The goblin attacks as you move away!
The goblin hits you with a +0 dagger.
* * * LOW HITPOINT WARNING * * *
The goblin hits you but does no damage. The goblin hits you with a +0 club.
* * * LOW HITPOINT WARNING * * *
The goblin attacks as you move away! The goblin misses you.
The hobgoblin no longer looks unusually strong.
The goblin no longer looks unusually strong.
The hobgoblin attacks as you move away! The hobgoblin hits you.
You die...

....# #...# #..# #... ### #..###
#.. ##.# ##...######.####..#
###.....##..g...########
#####.....#....##g........
............gg...>..#######
...#######.gg######........ ## #.
#@g...## #...##### .# .#..
##.#....###.....)). .####.##.##
#..##..............
......##...####.## .........).g..
......##........#####...........)
†......####.#.........#.#........
.<............#########.#.......#
.......######....................
.....#.# #....#####.....#......


You could see Robin, 3 hobgoblins and 2 goblins.

Vanquished Creatures
  Natasha (D:2)
  A dart slug (D:1)
  5 bats
  2 endoplasms
  3 giant cockroaches
  5 hobgoblins
  A quokka (D:1)
  2 ball pythons (D:1)
  8 goblins
  4 kobolds (D:1)
  4 rats (D:1)
36 creatures vanquished.

Notes
Turn   | Place    | Note
-------+----------+-------------------------------------------
     0 | D:1      | cforsyth the Deep Elf Earth Elementalist began the quest
                  | for the Orb.
     0 | D:1      | Reached XP level 1. HP: 10/10 MP: 6/6
    70 | D:1      | Found a faded altar of an unknown god.
   148 | D:1      | Reached XP level 2. HP: 15/15 MP: 3/8
   328 | D:1      | Found Kaacreg's Antique Weapon Emporium.
   428 | D:1      | Reached XP level 3. HP: 19/19 MP: 5/10
   915 | D:2      | Noticed Natasha
   921 | D:2      | Killed Natasha
  1028 | D:2      | Noticed Robin
  1035 | D:2      | Reached XP level 4. HP: 20/24 MP: 7/12
  1052 | D:2      | Slain by a hobgoblin

Illustrated notes

Levels and vault maps discovered:
D:1:      minmay_arrival_diagonal_passages, layout_basic,
          shapermc_ecumenical_altar_totnotflames, serial_shops, shop
D:2:      layout_rooms, serial_co_window_serial, co_window_of_opportunity_a,
          co_window_paths_b, co_window_of_opportunity_a, co_window_paths_b,
          co_window_paths_a, co_window_paths_a, co_window_cross_1,
          co_window_paths_a, co_window_paths_a, co_window_corner_ca,
          co_window_2corner, co_window_corner_cb, co_window_broadway_c,
          co_window_broadway_b, co_window_broadway_a, glass_columns_b,
          glass_columns_b, uniq_robin, uniq_natasha

Skill      XL: |  1  2 |
---------------+-------+-----
Earth Magic    | 4 |  4.4
Spellcasting   | 4 |  4.6
Dodging        | |  2.4
Stealth        | |  2.4
Transmutations | |  1.1

Action                     |  1- 3 |  4- 6 || total
---------------------------+-------+-------++-------
  Melee: Unarmed           |     1 |     3 ||     4
   Cast: Sandblast         |    44 |       ||    44
 Armour: Robe              |    11 |     4 ||    15
  Dodge: Dodged            |    18 |    11 ||    29

Table legend: (Time is in decaauts)
 A = Elapsed time spent in this place.
 B = Non-inter-level travel time spent in this place.
 C = Inter-level travel time spent in this place.
 D = Time resting spent in this place.
 E = Time spent auto-exploring this place.
 F = Levels seen in this place.
 G = Mean time per level.
                   A        B        C        D        E       F      G
               +--------+--------+--------+--------+--------+-----+--------+
         Total |   1073 |   1051 |     22 |      0 |    887 |   2 |  536.5 |
       Dungeon |   1073 |   1051 |     22 |      0 |    887 |   2 |  536.5 |
               +--------+--------+--------+--------+--------+-----+--------+

Top non-repeatable levels by time:
     D:1: 745 daAuts
     D:2: 328 daAuts
